 Dungeon Crawl Stone Soup version 0.32-a0-484-g2eb335deba (webtiles) character file.

Game seed: 13472788541394570367

537 Alarak the Fighter (level 7, -6/62 HPs)
             Began as a Formicid Fighter on Feb 26, 2024.
             Succumbed to an orc wizard's poison
             ... on level 4 of the Dungeon.
             The game lasted 00:06:29 (2729 turns).

Alarak the Fighter (Formicid Fighter)               Turns: 2729, Time: 00:06:30

Health: -6/62      AC: 11    Str: 22    XL:     7   Next: 50%
Magic:  7/7        EV:  8    Int:  8    God:
Gold:   150        SH:  5    Dex: 13    Spells: 6/6 levels left

rFire   . . .        a - +0 war axe
rCold   + . .        c - +0 buckler
rNeg    . . .        e - +0 chain mail
rPois   .            (helmet unavailable)
rElec   .            l - +1 cloak
rCorr   .            (no gloves)
SInv    +            (no boots)
Will    .....        (no amulet) Stlth
                     n - ring of protection from cold
HPRegen 0.30/turn    (no ring)
MPRegen 0.10/turn

%: no passive effects
@: lethally poisoned (-6 -> -25)
A: permanent stasis, dig shafts and tunnels, antennae 3, four strong arms
a: Dig, Shaft Self


You were on level 4 of the Dungeon.
You visited 1 branch of the dungeon, and saw 4 of its levels.

You collected 150 gold pieces.

Inventory:

Hand Weapons
 a - a +0 war axe (weapon)
Armour
 c - a +0 buckler (worn)
 e - a +0 chain mail (worn)
 l - a +1 cloak (worn)
Jewellery
 n - a ring of protection from cold (left hand)
Wands
 q - a wand of flame (6)
Scrolls
 p - a scroll of enchant armour
Potions
 b - 3 potions of lignification
 d - a potion of might
 f - 2 potions of degeneration
 g - 2 potions of brilliance {unknown}
 h - 2 potions of curing
 i - 2 potions of attraction {unknown}
 k - a potion of heal wounds {unknown}


   Skills:
 - Level 8.3 Fighting
 - Level 2.0 Axes
 - Level 3.2 Armour
 + Level 5.4 Shields


You had 6 spell levels left.
You didn't know any spells.
Your spell library contained the following spells:

 Spells                   Type           Power      Damage    Failure   Level
 Necrotise                Necr           0%         1d4       98%         1
 Jinxbite                 Hex            0%         N/A       99%         2
 Vampiric Draining        Necr           0%         2d6       100%        3
 Martyr's Knell           Necr/Summ      0%         N/A       100%        4
 Curse of Agony           Necr           0%         N/A       100%        5
 Yara's Violent Unravell  Hex/Alch       0%         3d3       100%        5
 Enfeeble                 Hex            0%         N/A       100%        7


Dungeon Overview and Level Annotations

Branches:
Dungeon (4/15)
 Temple: D:4-7

Altars:


Innate Abilities, Weirdness & Mutations

You cannot be hasted, slowed, berserked, paralysed or teleported.
You can dig through walls and to a lower floor.
You have a pair of large antennae on your head. (SInv)
Your four strong arms can wield two-handed weapons with a shield.


Message History

You are more poisoned.
You miss the orc wizard.
You feel very sick.
The orc wizard gestures at you while chanting.
You easily resist.
The orc wizard hits you but does no damage.
You bump into the rock wall.
You feel very sick. The orc wizard barely misses you.
You bump into the rock wall.
You feel less confused.
You feel sick.
The orc wizard hits you with a +2 dagger of venom.
You hit the orc wizard.
The orc wizard is heavily wounded.
You feel very sick.
The orc wizard hits you but does no damage.
You are more poisoned.
You miss the orc wizard.
The orc wizard is heavily wounded.
You feel very sick.
The orc wizard hits you but does no damage.
You are lethally poisoned!
You closely miss the orc wizard.
The orc wizard is heavily wounded.
* * * LOW HITPOINT WARNING * * *
You feel very sick.
The orc wizard hits you with a +2 dagger of venom.
* * * LOW HITPOINT WARNING * * *
You are more poisoned.
The orc wizard hits you but does no damage.
You are more poisoned.
You barely miss the orc wizard.
The orc wizard is heavily wounded.
* * * LOW HITPOINT WARNING * * *
You feel extremely sick. You block the orc wizard's attack.
You barely miss the orc wizard.
The orc wizard is heavily wounded.
You die...

#..#########.# #...#.....#
#.##.......#.# #...#.....#..
#.##.#####.#+# #...#........
#..#....###.#######..#........
##..###..##.........#.........
##.# ##..###########.#####...
#.#####.............# ...
#......#..########### ..
######.....@oo# ########o# #{#
,.o. ..o.# ,...... ########


You could see an orc wizard and 2 orcs.

Vanquished Creatures
  Grinder (D:3)
  A scorpion (D:4)
  A bombardier beetle (D:3)
  An iguana (D:3)
  Jessica (D:3)
  Natasha (thrice) (D:3)
  2 orc wizards (D:4)
  An adder (D:4)
  A ribbon worm (D:3)
  2 dart slugs
  6 orcs (D:3)
  4 endoplasms
  4 giant cockroaches
  5 hobgoblins
  3 kobolds
  2 quokkas (D:2)
  4 ball pythons
  6 bats
  2 frilled lizards (D:1)
  4 goblins
  4 rats
58 creatures vanquished.

Notes
Turn   | Place    | Note
-------+----------+-------------------------------------------
     0 | D:1      | Alarak the Formicid Fighter began the quest for the Orb.
     0 | D:1      | Reached XP level 1. HP: 18/18 MP: 1/1
    93 | D:1      | Reached XP level 2. HP: 25/25 MP: 2/2
   312 | D:1      | Reached skill level 4 in Fighting
   796 | D:2      | Reached XP level 3. HP: 29/31 MP: 3/3
   909 | D:2      | Found a faded altar of an unknown god.
  1621 | D:3      | Reached skill level 5 in Fighting
  1623 | D:3      | Reached XP level 4. HP: 24/39 MP: 4/4
  1636 | D:3      | Noticed Grinder
  1656 | D:3      | Killed Grinder
  1657 | D:3      | Reached skill level 7 in Fighting
  1657 | D:3      | Reached XP level 5. HP: 12/48 MP: 5/5
  1657 | D:3      | Reached XP level 6. HP: 14/55 MP: 6/6
  1874 | D:3      | Noticed Natasha
  1887 | D:3      | Killed Natasha
  2081 | D:3      | Noticed Natasha
  2087 | D:3      | Killed Natasha
  2127 | D:3      | Reached skill level 8 in Fighting
  2184 | D:3      | Noticed Jessica
  2188 | D:3      | Reached XP level 7. HP: 62/62 MP: 7/7
  2196 | D:3      | Killed Jessica
  2330 | D:3      | Noticed Natasha
  2345 | D:3      | Killed Natasha
  2702 | D:4      | Reached skill level 5 in Shields
  2728 | D:4      | HP: 1/62 [poisoned by an orc wizard]
  2729 | D:4      | Succumbed to an orc wizard's poison

Illustrated notes

Levels and vault maps discovered:
D:1:      saegor_arrival_fortress, layout_basic, serial_glass, glass_columns_c,
          glass_columns_c, due_unseen_surprise, minmay_tiny_reverse_x
D:2:      layout_basic, chequers_ecumenical_altar_grove
D:3:      layout_rooms, grunt_decor_fettered, uniq_grinder, uniq_natasha,
          uniq_jessica
D:4:      layout_basic, minmay_temple_entry_trees, serial_co_window_serial,
          co_window_paths_b, co_window_paths_b, co_window_paths_a,
          co_window_paths_a, co_window_paths_a, co_window_paths_b,
          co_window_paths_c, co_window_paths_c, co_window_paths_c,
          co_window_of_opportunity_c, co_window_of_opportunity_b,
          co_window_4corner_b, glass_columns_a, nicolae_wooded_promenade

Skill      XL: |  1  2  3  4  5  6  7 |
---------------+----------------------+-----
Fighting       | 4 5 7 8 |  8.3
Shields        | 5 |  5.4
Axes           | |  2.0
Armour         | |  3.2

Action                     |  1- 3 |  4- 6 |  7- 9 || total
---------------------------+-------+-------+-------++-------
  Melee: War axe           |    85 |    48 |    62 ||   195
    Use: Scroll            |       |     5 |     5 ||    10
 Armour: Scale mail        |    23 |       |       ||    23
         Chain mail        |    38 |    33 |    57 ||   128
  Dodge: Dodged            |    28 |    21 |    18 ||    67
  Block: Buckler           |    22 |    10 |    14 ||    46

Table legend: (Time is in decaauts)
 A = Elapsed time spent in this place.
 B = Non-inter-level travel time spent in this place.
 C = Inter-level travel time spent in this place.
 D = Time resting spent in this place.
 E = Time spent auto-exploring this place.
 F = Levels seen in this place.
 G = Mean time per level.
                   A        B        C        D        E       F      G
               +--------+--------+--------+--------+--------+-----+--------+
         Total |   2809 |   2615 |    194 |    362 |   1755 |   4 |  702.2 |
       Dungeon |   2809 |   2615 |    194 |    362 |   1755 |   4 |  702.2 |
               +--------+--------+--------+--------+--------+-----+--------+

Top non-repeatable levels by time:
     D:3: 1038 daAuts
     D:1: 803 daAuts
     D:2: 779 daAuts
     D:4: 188 daAuts
